 Dungeon Crawl Stone Soup version 0.32-a0-22-g6ae6769602 (webtiles) character file.

Game seed: 14630687818192775384

44 MacCMillion the Shield-Bearer (level 3, -3/29 HPs)
             Began as a Formicid Fighter on Jan 18, 2024.
             Killed by divine providence
             ... invoked by an orc priest
              (11 damage)
             ... on level 2 of the Dungeon.
             The game lasted 00:01:30 (1071 turns).

MacCMillion the Shield-Bearer (Formicid Fighter)    Turns: 1071, Time: 00:01:31

Health: -3/29      AC:  8    Str: 22    XL:     3   Next: 85%
Magic:  3/3        EV: 10    Int:  7    God:
Gold:   61         SH:  5    Dex: 13    Spells: 2/2 levels left

rFire   . . .        a - +0 war axe
rCold   . . .        c - +0 buckler
rNeg    . . .        b - +0 scale mail
rPois   .            (helmet unavailable)
rElec   .            g - +0 cloak
rCorr   .            (no gloves)
SInv    +            (no boots)
Will    .....        (no amulet) Stlth
                     (no ring)
HPRegen 0.24/turn    (no ring)
MPRegen 0.08/turn

%: no passive effects
@: no status effects
A: permanent stasis, dig shafts and tunnels, antennae 3, four strong arms
a: Dig, Shaft Self


You were on level 2 of the Dungeon.
You visited 1 branch of the dungeon, and saw 2 of its levels.

You collected 61 gold pieces.

Inventory:

Hand Weapons
 a - a +0 war axe (weapon)
Missiles
 q - 6 poisoned darts
Armour
 b - a +0 scale mail (worn)
 c - a +0 buckler (worn)
 g - a +0 cloak (worn)
Jewellery
 n - a +6 ring of intelligence
 p - a ring of protection from cold
Scrolls
 e - a scroll of identify {unknown}
 h - a scroll of enchant armour {unknown}
 i - a scroll of poison {unknown}
 j - a scroll of blinking {unknown}
 o - a scroll of enchant weapon {unknown}
Potions
 d - a potion of might
 f - 2 potions of curing {unknown}
 k - a potion of invisibility {unknown}
 l - a potion of cancellation {unknown}
 m - 2 potions of berserk rage {unknown}


   Skills:
 - Level 3.2 Fighting
 + Level 3.2 Axes
 - Level 3.2 Armour
 + Level 1.6 Dodging
 - Level 4.0 Shields


You had 2 spell levels left.
You didn't know any spells.
Your spell library contained the following spells:

 Spells                   Type           Power      Damage    Failure   Level
 Kiss of Death            Conj/Necr      0%         2d5       83%         1
 Confusing Touch          Hex            0%         N/A       99%         3
 Dispel Undead            Necr           0%         3d6       100%        4


Dungeon Overview and Level Annotations

Branches:
Dungeon (2/15)

Altars:


Innate Abilities, Weirdness & Mutations

You cannot be hasted, slowed, berserked, paralysed or teleported.
You can dig through walls and to a lower floor.
You have a pair of large antennae on your head. (SInv)
Your four strong arms can wield two-handed weapons with a shield.


Message History

You hit the rat.
You kill the rat!
You hear a shout!
The orc completely misses you.
You see here a rat corpse.
You barely miss the orc. The orc closely misses you.
You closely miss the orc. The orc closely misses you.
You hit the orc.
The orc is severely wounded.
The orc barely misses you. The orc hits you but does no damage.
You slash the orc!
You kill the orc!
The orc priest casts a cantrip, but nothing happens.
You barely miss the orc.
The orc priest looks braver for a moment.
The orc barely misses you.
You hit the orc but do no damage. The orc barely misses you.
The orc closely misses you.
You hit the orc.
The orc is moderately wounded.
The orc priest calls upon Beogh to heal the orc.
The orc's wounds heal themselves!
The orc hits you but does no damage.
You slash the orc!
You kill the orc!
The orc priest looks braver for a moment.
The orc priest mumbles some strange prayers to Beogh against you.
Beogh smites you!
Ouch! That really hurt!
You are too injured to fight recklessly!
You are too injured to fight recklessly!
The orc priest hits you with a +1 heavy falchion.
Items here: )) [ ††.
You barely miss the orc priest.
You hit the orc priest but do no damage.
The orc priest hits you with a +1 heavy falchion.
* * * LOW HITPOINT WARNING * * *
You barely miss the orc priest.
The orc priest mumbles some strange prayers to Beogh against you.
Beogh smites you!
You die...

###.# #.#
#.### # #
#...# .#.
###.# #.#{
#.# #.#{ #.#
#.# #.# #o#
#.# #@# #.#
#†# #.####.#
#.#.)...#
........#####
#######..
####


You could see an orc priest.

Vanquished Creatures
  3 orcs (D:2)
  4 endoplasms (D:1)
  3 giant cockroaches (D:1)
  3 goblins
  3 hobgoblins (D:1)
  A quokka (D:1)
  8 ball pythons (D:1)
  2 bats (D:1)
  3 frilled lizards (D:1)
  4 kobolds (D:1)
  4 rats
38 creatures vanquished.

Notes
Turn   | Place    | Note
-------+----------+-------------------------------------------
     0 | D:1      | MacCMillion the Formicid Fighter began the quest for the
                  | Orb.
     0 | D:1      | Reached XP level 1. HP: 18/18 MP: 1/1
   118 | D:1      | Reached XP level 2. HP: 13/24 MP: 2/2
   422 | D:1      | Reached skill level 1 in Dodging
   629 | D:1      | Reached XP level 3. HP: 28/29 MP: 3/3
   737 | D:1      | Found a faded altar of an unknown god.
  1071 | D:2      | Killed from afar by an orc priest

Illustrated notes

Levels and vault maps discovered:
D:1:      amcnicky_arrival_underground_garden, layout_loops_ring,
          nicolae_ecumenical_snake_handling
D:2:      layout_loops_ring, kennysheep_cluttered_room, minmay_curled_crystal,
          serial_bayou_lake_a

Skill      XL: |  1  2  3 |
---------------+----------+-----
Dodging        | 1 |  1.6
Axes           | 3 |  3.2
Fighting       | |  3.2
Armour         | |  3.2
Shields        | |  4.0

Action                     || total
---------------------------++-------
  Melee: War axe           ||    94
 Armour: Scale mail        ||    64
  Dodge: Dodged            ||    58
  Block: Buckler           ||    29

Table legend: (Time is in decaauts)
 A = Elapsed time spent in this place.
 B = Non-inter-level travel time spent in this place.
 C = Inter-level travel time spent in this place.
 D = Time resting spent in this place.
 E = Time spent auto-exploring this place.
 F = Levels seen in this place.
 G = Mean time per level.
                   A        B        C        D        E       F      G
               +--------+--------+--------+--------+--------+-----+--------+
         Total |   1107 |   1089 |     18 |    242 |    565 |   2 |  553.5 |
       Dungeon |   1107 |   1089 |     18 |    242 |    565 |   2 |  553.5 |
               +--------+--------+--------+--------+--------+-----+--------+

Top non-repeatable levels by time:
     D:1: 1061 daAuts
     D:2: 46 daAuts
